 Dungeon Crawl Stone Soup version 0.29.1-2-gbd0b4ee654 (webtiles) character file.

Game seed: 14297223937247473595

32 GorkyZ the Trooper (level 3, 0/29 HPs)
             Began as a Demonspawn Fighter on Nov 19, 2022.
             Slain by Terence
             ... wielding a +0 trident of venom
              (10 damage)
             ... on level 2 of the Dungeon.
             The game lasted 00:02:36 (1208 turns).

GorkyZ the Trooper (Demonspawn Fighter)             Turns: 1208, Time: 00:02:37

Health: 0/29       AC:  6    Str: 18    XL:     3   Next: 8%
Magic:  3/3        EV:  9    Int:  9    God:
Gold:   86         SH:  8    Dex: 12    Spells: 2/2 levels left

rFire   . . .      SeeInvis .   a - +0 flail
rCold   . . .      Faith    .   c - +0 buckler
rNeg    . . .      Spirit   .   b - +0 scale mail
rPois   .          Reflect  .   (no helmet)
rElec   .          Harm     .   (no cloak)
rCorr   .          Rampage  .   (no gloves)
Will    .....                   (no boots)
Stlth   ..........              (no amulet)
HPRegen 0.09/turn               (no ring)
MPRegen 0.08/turn               (no ring)

@: no status effects
A: condensation shield
a: no special abilities


You were on level 2 of the Dungeon.
You visited 1 branch of the dungeon, and saw 2 of its levels.

You collected 86 gold pieces.

Inventory:

Hand Weapons
 a - a +0 flail (weapon)
Armour
 b - a +0 scale mail (worn)
 c - a +0 buckler (worn)
Scrolls
 e - a scroll of amnesia {unknown}
 f - a scroll of immolation {unknown}
 g - a scroll of vulnerability {unknown}
 j - a scroll of silence {unknown}
Potions
 d - a potion of might
 h - a potion of ambrosia {unknown}
 i - a potion of degeneration {unknown}


   Skills:
 + Level 3.2 Fighting
 + Level 2.0 Maces & Flails
 + Level 0.7 Throwing
 + Level 2.9 Armour
 + Level 2.9 Shields
 + Level 1.0 Evocations


You had 2 spell levels left.
You didn't know any spells.
Your spell library was empty.

Dungeon Overview and Level Annotations

Branches:
Dungeon (2/15)

Altars:

Annotations:
D:2 Terence


Innate Abilities, Weirdness & Mutations

A meltable shield of frost defends you. (SH +4)


Message History

Terence is heavily wounded.
You feel sick. Terence closely misses you.
Terence hits you with a +0 trident of venom.
You are too injured to fight recklessly!
You are too injured to fight recklessly!
You are too injured to fight recklessly!
You are too injured to fight recklessly!
You are too injured to fight recklessly!
You are too injured to fight recklessly!
You are too injured to fight recklessly!
You are too injured to fight recklessly!
You are too injured to fight recklessly!
You are too injured to fight recklessly!
You are too injured to fight recklessly!
You are too injured to fight recklessly!
You are too injured to fight recklessly!
You are too injured to fight recklessly!
You are too injured to fight recklessly!
You are too injured to fight recklessly!
You are too injured to fight recklessly!
You are too injured to fight recklessly!
You are too injured to fight recklessly!
You are too injured to fight recklessly!
You are too injured to fight recklessly!
You are too injured to fight recklessly!
Unknown command.
You hit Terence but do no damage.
Terence is heavily wounded.
You feel sick. You block Terence's attack.
You hit Terence.
Terence is almost dead.
You feel sick.
Terence asks, "Do you want it fast or slow?"
You block Terence's attack. x2
You barely miss Terence.
Terence is almost dead.
You feel sick.
You are no longer poisoned.
Terence hits you with a +0 trident of venom!
You die...

#. #. . #. ..
##.#####...
.?........
#.####..>......
#......@.....#
#@# ########.###
#..........##.#
#.....#.......#
##.###...##.####
##...###.## .#
####.....##.# .#
............# #
###.....####


You could see Terence.

Vanquished Creatures
  A dart slug (D:1)
  3 goblins (D:1)
  5 hobgoblins (D:1)
  4 jackals (D:1)
  3 ball pythons (D:1)
  4 bats (D:1)
  2 frilled lizards (D:1)
  2 kobolds (D:1)
  3 rats
27 creatures vanquished.

Notes
Turn   | Place    | Note
-------+----------+-------------------------------------------
     0 | D:1      | GorkyZ the Demonspawn Fighter began the quest for the Orb.
     0 | D:1      | Reached XP level 1. HP: 18/18 MP: 1/1
   350 | D:1      | Gained mutation: A meltable shield of frost defends you.
                  | (SH +4) [demonic ancestry]
   350 | D:1      | Reached XP level 2. HP: 23/24 MP: 2/2
   834 | D:1      | Reached skill level 1 in Evocations
   834 | D:1      | Reached XP level 3. HP: 24/29 MP: 3/3
  1196 | D:2      | Noticed Terence
  1208 | D:2      | Slain by Terence

Illustrated notes

Levels and vault maps discovered:
D:1:      psy_arrival_dodecagon, layout_loops_ring, minmay_misc_feat_diagonals,
          chequers_serial_rivers_marsh, minmay_crystal_water,
          nicolae_hexahallways
D:2:      layout_loops_ring, uniq_terence, uniq_natasha

Skill      XL: |  1  2 |
---------------+-------+-----
Maces & Flails | 2 |  2.0
Evocations     | 1 |  1.0
Fighting       | |  3.2
Throwing       | |  0.7
Armour         | |  2.9
Shields        | |  2.9

Action                   || total
-------------------------++-------
Melee: Flail             ||    84
Armor: Scale mail        ||    33
Dodge: Dodged            ||    36
Block: Buckler           ||    42
